 Dungeon Crawl Stone Soup version 0.22-a0-448-g1fb7470 (webtiles) character file.

53 galech the Skirmisher (level 3, 0/61 HPs)
             Began as an Ogre Berserker on June 4, 2018.
             Was a Follower of Trog.
             Succumbed to an adder's poison
             ... on level 2 of the Dungeon.
             The game lasted 00:01:51 (1647 turns).

galech the Skirmisher (Ogre Berserker)              Turns: 1647, Time: 00:01:52

Health: 0/61       AC: 21    Str: 21 (22) XL:     3   Next: 89%
Magic:  3/3        EV:  1    Int:  5 (8)  God:    Trog [*.....]
Gold:   109        SH:  0    Dex:  6 (8)  Spells: 2/2 levels left

rFire    + . .     SeeInvis .   a - +0 mace
rCold    . . .     Gourm    .   (no shield)
rNeg     + + +     Faith    .   (armour currently unavailable)
rPois    +         Spirit   .   (helmet currently unavailable)
rElec    .         Reflect  .   (cloak currently unavailable)
rCorr    .         Harm     .   (gloves unavailable)
MR       .....     NoTele   +   (boots unavailable)
Stlth    +.........             (no amulet)
HPRegen  0.20/turn              d - ring of protection from cold
MPRegen  0.08/turn              k - ring of fire

@: lethally poisoned (0 -> -1), tree-form, berserk cooldown, slowed, very slow
A: large, unfitting armour, high mp 1
a: Berserk, Renounce Religion


You were on level 2 of the Dungeon.
You worshipped Trog.
Trog was aware of your devotion.
You were very hungry.
You were a tree.
You visited 1 branch of the dungeon, and saw 2 of its levels.

You collected 109 gold pieces.

Inventory:

Hand Weapons
 a - a +0 mace (weapon)
Armour
 b - a +0 animal skin (melded)
Jewellery
 d - a ring of protection from cold (left branch)
 k - a ring of fire (right branch)
Scrolls
 e - a scroll of fog {unknown}
 g - 2 scrolls of teleportation {unknown}
 h - a scroll of noise {unknown}
 m - a scroll of remove curse {unknown}
Comestibles
 c - 2 rations
 f - a chunk of flesh


   Skills:
 + Level 4.8 Fighting
 + Level 3.4 Maces & Flails
 + Level 3.1 Dodging


You had 2 spell levels left.
You didn't know any spells.
Your spell library was empty.

Dungeon Overview and Level Annotations

Branches:
Dungeon (2/15)

Altars:


Innate Abilities, Weirdness & Mutations

You are too large for most types of armour.
((You have tough skin. (AC +1)))
You have an increased reservoir of magic. (+10% MP)
((Your system is resistant to poisons. (rPois)))
((You are resistant to electric shocks. (rElec)))


Message History

The leopard gecko bites you but does no damage.
The adder bites you but does no damage.
The leopard gecko bites you but does no damage.
The ball python bites you but does no damage.
A kobold comes into view. It is wielding a short sword.
The adder barely misses you.
The leopard gecko bites you but does no damage.
You closely miss the leopard gecko.
The kobold shouts!
The ball python bites you but does no damage.
The adder bites you but does no damage.
The leopard gecko bites you but does no damage.
The ball python bites you.
* * * LOW HITPOINT WARNING * * *
The adder bites you but does no damage.
The leopard gecko bites you but does no damage.
You hit the leopard gecko.
You kill the leopard gecko!
Trog accepts your kill.
You die...

#....#####
#.........
#.....#.##
#........#
#....# ..# #
#....#
..#####..
#..###
#.......#
##..####S#...#
##[..†♣SK.#
#....##..##
#..##..##.##
### ##.##..#
#..##.#
##.##.##
#.##..#
#.....### #
####....# #.#


You could see an adder, a ball python and a kobold.

Vanquished Creatures
  2 adders (D:2)
  2 worms
  3 leopard geckos
  3 goblins (D:1)
  5 hobgoblins
  3 jackals (D:1)
  A bat (D:1)
  4 frilled lizards
  2 kobolds (D:1)
  2 rats (D:1)
27 creatures vanquished.

Notes
Turn   | Place    | Note
-------+----------+-------------------------------------------
     0 | D:1      | galech the Ogre Berserker began the quest for the Orb.
     0 | D:1      | Reached XP level 1. HP: 24/24 MP: 1/1
    71 | D:1      | Reached XP level 2. HP: 5/32 MP: 2/2
  1359 | D:2      | Reached XP level 3. HP: 38/40 MP: 3/3
  1642 | D:2      | Gained mutation: You are resistant to electric shocks. (rElec) [potion of mutation]
  1642 | D:2      | Gained mutation: You have an increased reservoir of magic. (+10% MP) [potion of mutation]
  1642 | D:2      | Gained mutation: Your system is resistant to poisons. (rPois) [potion of mutation]
  1644 | D:2      | HP: 2/61 [adder (2)]
  1647 | D:2      | Succumbed to an adder's poison

Vault maps used:
D:1:      scummos_arrival_simple_crosswalls, minivault_19
D:2:      eat_drink_and_be_merry_uskayaw, lemuel_doored_altar,
          roderic_serpentine_path, grunt_ministairs_1,
          kennysheep_generic_room_2, uniq_terence

Skill      XL: |  1  2 |
---------------+-------+-----
Maces & Flails | 3 |  3.4
Dodging        | 3 |  3.1
Fighting       | |  4.8

Action                   || total
-------------------------++-------
Melee: Mace              ||   142
Invok: Berserk           ||     1
  Use: Potion            ||     3
  Eat: Chunk             ||     2
Armor: Animal skin       ||    35
       Skin              ||    19
Dodge: Dodged            ||    78

Table legend:
 A = Spawn XP
 B = Non-spawn XP
 C = Spawn XP percentage of total XP
 D = Spawn monster count
 E = Non-spawn monster count
 F = Spawn count percentage of total count
 G = Total turns spent on level
                    A         B        C        D         E        F      G
               +---------+---------+-------+---------+---------+-------+---------
         Total |       0 |      77 |   0.0 |       0 |      27 |   0.0 |  1647
               +---------+---------+-------+---------+---------+-------+---------
           D:1 |       0 |      38 |   0.0 |       0 |      20 |   0.0 |  1433
           D:2 |       0 |      39 |   0.0 |       0 |       7 |   0.0 |   214
               +---------+---------+-------+---------+---------+-------+---------
